 Dungeon Crawl Stone Soup version 0.31-a0-662-g684573625c (webtiles) character file.

Game seed: 13425644451460858939

7228 wazuzu the Thaumaturge (level 10, -5/73 HPs)
             Began as a Demonspawn Necromancer on Aug 31, 2023.
             Was a Follower of Kikubaaqudgha.
             Slain by a death yak (11 damage)
             ... on level 1 of the Lair of Beasts on Sept 1, 2023.
             The game lasted 00:39:53 (11328 turns).

wazuzu the Thaumaturge (Demonspawn Necromancer)    Turns: 11328, Time: 00:39:54

Health: -5/73      AC: 14    Str:  8    XL:     10   Next: 88%
Magic:  15/24      EV: 10    Int: 20    God:    Kikubaaqudgha [*.....]
Gold:   423        SH:  9    Dex: 15    Spells: 20/29 levels left

rFire   . . .        d - +0 dagger (venom)
rCold   . . .        k - +0 buckler
rNeg    . . .        G - +0 acid dragon scales
rPois   +            (helmet restricted)
rElec   .            t - +1 cloak
rCorr   +            o - +0 pair of gloves
SInv    .            (no boots)
Will    .....        (no amulet)
Stlth   ++           l - +4 ring of protection
HPRegen 0.32/turn    x - ring of poison resistance
MPRegen 0.19/turn

%: no passive effects
@: weak-willed, invisible
A: horns 2, large bone plates 1, ignite blood 1, demonic magic 2
a: Renounce Religion, Unearth Wretches


You were on level 1 of the Lair of Beasts.
You worshipped Kikubaaqudgha.
Kikubaaqudgha was aware of your devotion.
You visited 3 branches of the dungeon, and saw 12 of its levels.

You collected 423 gold pieces.


Innate Abilities, Weirdness & Mutations

You have a pair of horns on your head.
You are partially covered in large bone plates. (SH +4)
Your demonic aura sometimes causes spilled blood to erupt in flames.
Spells you cast may paralyse nearby enemies.


   Skills:
 + Level 4.8 Fighting
 - Level 4.0 Armour
 - Level 1.7 Dodging
 - Level 1.7 Stealth
 - Level 4.0 Shields
 - Level 10.0 Spellcasting
 - Level 6.0 Hexes
 - Level 10.0 Necromancy


You had 20 spell levels left.
You knew the following spells:

 Your Spells              Type           Power      Damage    Failure   Level
a - Animate Dead          Necr           50%        N/A       2%          4
b - Anguish               Hex/Necr       21%        N/A       6%          4
z - Necrotise             Necr           100%       1d9       1%          1

Your spell library contained the following spells:

 Spells                   Type           Power      Damage    Failure   Level
 Sublimation of Blood     Necr           50%        N/A       1%          2
 Vampiric Draining        Necr           50%        2d9       1%          3
 Cigotuvi's Dreadful Rot  Necr/Pois/Air  46%        N/A       7%          2
 Ensorcelled Hibernation  Hex/Ice        44%        N/A       8%          2
 Agony                    Necr           50%        N/A       8%          5
 Freeze                   Ice            40%        1d6       17%         1
 Magic Dart               Conj           40%        1d5       17%         1
 Call Imp                 Summ           20%        N/A       26%         2
 Passwall                 Tmut/Erth      8%         N/A       26%         2
 Frozen Ramparts          Ice            20%        1d4       45%         3
 Gell's Gravitas          Tloc           10%        N/A       45%         3
 Hailstorm                Conj/Ice       10%        3d5       45%         3
 Mephitic Cloud           Conj/Pois/Air  10%        N/A       45%         3
 Swiftness                Air            10%        N/A       45%         3
 Teleport Other           Tloc           10%        N/A       45%         3
 Animate Armour           Summ/Erth      20%        N/A       86%         4
 Summon Lightning Spire   Summ/Air       10%        N/A       86%         4
 Lee's Rapid Deconstruct  Erth           5%         3d6*      99%         5
 Dispersal                Tloc           5%         N/A       100%        6


Dungeon Overview and Level Annotations

Branches:
Dungeon (10/15)            Temple (1/1) D:7            Lair (1/5) D:10
    Orc: D:9-12

Altars:
Ashenzari
Cheibriados
Dithmenos
Fedhas
Gozag
Hepliaklqana
Kikubaaqudgha
Makhleb
Nemelex Xobeh
Okawaru
Qazlal
Ru
Sif Muna
Trog
Uskayaw
Vehumet
Wu Jian
Xom
Yredelemnul

Shops:
D:9 *

Portals:
Abyss: D:5

Annotations:
D:5 2 transporters, Sapher's ghost, amateur OgFi
D:6 3 runed translucent doors, eelars's ghost, novice DESu
D:7 3 runed translucent doors, Gruesome's ghost, novice TrSh

Inventory:

Hand Weapons
 d - a +0 dagger of venom (weapon)
Armour
 k - a +0 buckler (worn)
 o - a +0 pair of gloves (worn)
 t - a +1 cloak (worn)
 y - a +2 robe of fire resistance
 G - +0 acid dragon scales (worn)
 J - a +1 leather armour of poison resistance
Magical Staves
 B - a staff of death
Jewellery
 l - a +4 ring of protection (left hand)
 x - a ring of poison resistance (right hand)
 E - an amulet of guardian spirit
Wands
 v - a wand of charming (10)
 C - a wand of acid (3)
Scrolls
 j - a scroll of revelation
 u - 3 scrolls of teleportation
 z - 2 scrolls of vulnerability
 A - 2 scrolls of poison
 F - a scroll of enchant weapon {unknown}
 H - a scroll of immolation {unknown}
 I - 3 scrolls of identify
Potions
 b - a potion of magic
 c - 2 potions of mutation {unknown}
 f - 2 potions of might {unknown}
 h - 2 potions of attraction
 i - 3 potions of haste {unknown}
 p - 2 potions of invisibility
 q - 7 potions of curing
 r - 2 potions of enlightenment {unknown}
 w - 4 potions of heal wounds {unknown}
 D - a potion of lignification

##
###############.###.#
#....................
##.#####P####....#.#.#
#..# ### #.........
##.# #....#....
#..####### #....#....
##...@YYY####......Y..
#.##P#Y.#.......#....
#.####....~~~≈Y.#...Y
#.# ##.~~≈≈~~~~.#.##
#.# ##..≈≈≈≈≈≈≈≈.$...
#.# #..~≈≈≈≈≈≈≈~.....
##.###P.~≈≈≈≈≈~≈~...).
#....P..~~~~†.~~......
##......~.≈~†<.~......


You could see 4 death yaks.


Message History

The death yak resists with almost no effort.
Malevolent energies surge around you.
Casting: Necrotise (safe; 1% risk of failure)
Confirm with . or Enter, or press ? or * to list all spells.
The death yak resists with almost no effort.
Malevolent energies surge around you.
The death yak gores you but does no damage.
The death yak attacks as it pursues you!
You block the death yak's attack.
There is an open door here.
The death yak attacks as it pursues you!
The death yak gores you!
Casting: Necrotise (safe; 1% risk of failure)
Confirm with . or Enter, or press ? or * to list all spells.
The death yak writhes in agony.
Malevolent energies surge around you. The death yak gores you.
Casting: Necrotise (safe; 1% risk of failure)
Confirm with . or Enter, or press ? or * to list all spells.
The death yak resists with almost no effort.
Malevolent energies surge around you.
The death yak bellows!
The death yak closely misses you.
Casting: Necrotise (safe; 1% risk of failure)
Confirm with . or Enter, or press ? or * to list all spells.
The death yak resists with almost no effort.
Malevolent energies surge around you. You block the death yak's attack.
Casting: Necrotise (safe; 1% risk of failure)
Confirm with . or Enter, or press ? or * to list all spells.
The death yak resists with almost no effort.
Malevolent energies surge around you. The death yak gores you!
Casting: Necrotise (safe; 1% risk of failure)
Confirm with . or Enter, or press ? or * to list all spells.
The death yak resists with almost no effort.
Malevolent energies surge around you. You block the death yak's attack.
Casting: Necrotise (safe; 1% risk of failure)
Confirm with . or Enter, or press ? or * to list all spells.
The death yak resists with almost no effort.
Malevolent energies surge around you. The death yak gores you!
Okay, then.
As you read the scroll of vulnerability, it crumbles to dust.
Magic quickly surges around you. You block the death yak's attack.
Casting: Necrotise (safe; 1% risk of failure)
Confirm with . or Enter, or press ? or * to list all spells.
The death yak resists with significant effort.
Malevolent energies surge around you. The death yak completely misses you.
Casting: Necrotise (safe; 1% risk of failure)
Confirm with . or Enter, or press ? or * to list all spells.
The death yak writhes in agony!
Malevolent energies surge around you. The death yak gores you!!
* * * LOW HITPOINT WARNING * * *
Unknown command.
Casting: Necrotise (safe; 1% risk of failure)
Confirm with . or Enter, or press ? or * to list all spells.
The death yak writhes in agony!
Malevolent energies surge around you. You block the death yak's attack.
Casting: Necrotise (safe; 1% risk of failure)
Confirm with . or Enter, or press ? or * to list all spells.
The death yak resists with significant effort.
Malevolent energies surge around you. The death yak gores you.
* * * LOW HITPOINT WARNING * * *
Casting: Necrotise (safe; 1% risk of failure)
Confirm with . or Enter, or press ? or * to list all spells.
The death yak resists with significant effort.
Malevolent energies surge around you. The death yak gores you!!
* * * LOW HITPOINT WARNING * * *
You fade into invisibility!
The death yak is engulfed in blazing flames.
The death yak gores you!
You die...
Kikubaaqudgha rasps: "You have failed me!
Welcome... death!"

Action                     |  1- 3 |  4- 6 |  7- 9 | 10-12 || total
---------------------------+-------+-------+-------+-------++-------
  Melee: Dagger            |    20 |    96 |   143 |   100 ||   359
         Headbutt          |       |    18 |    44 |    29 ||    91
         Staff             |       |       |     6 |       ||     6
   Cast: Necrotise         |    68 |    78 |   196 |   109 ||   451
         Animate Dead      |       |       |     1 |    15 ||    16
 Invoke: Unearth Wretches  |       |       |       |     3 ||     3
    Use: Scroll            |       |     2 |    11 |     2 ||    15
         Potion            |       |       |       |     2 ||     2
   Stab: Paralysed         |       |    14 |    79 |    54 ||   147
         Sleeping          |       |       |     2 |     3 ||     5
 Armour: Robe              |    16 |     1 |   107 |       ||   124
         Ring mail         |       |    64 |     3 |       ||    67
         Acid dragon scale |       |       |     2 |    99 ||   101
  Dodge: Dodged            |    20 |    22 |    89 |    62 ||   193
  Block: Buckler           |       |    14 |    71 |    45 ||   130

Levels and vault maps discovered:
D:1:      zelgadis_glass_arrival_small, layout_basic,
          ebering_ecumenical_altar_abandoned
D:2:      layout_loops_cross
D:3:      layout_loops_corners, mainiacjoe_overflow_alcove_4,
          nicolae_uskayaw_suspiria, uniq_crazy_yiuf_cottage, uniq_terence
D:4:      layout_layer_cave, chequers_serial_rivers_micro_e
D:5:      layout_basic, nicolae_hepliaklqana_hazy_memory,
          lightli_temple_of_fire, overflow_temple_1_default,
          gammafunk_ghost_abyssal_escape, uniq_sigmund, uniq_edmund
D:6:      layout_basic, mainiacjoe_overflow_24_doors,
          gammafunk_ghost_nasty_kobolds
D:7:      layout_basic, tso_altar, minmay_temple_entry_oklob,
          biasface_ghost_orc_armoury
D:8:      layout_loops_ring, mainiacjoe_overflow_small_starburst
D:9:      layout_basic, zin_purify, yredelemnul_altar_generic, chequers_jeans
D:10:     layout_loops_ring, david_lair_shrubbed
Temple:   minmay_temple_bridge_abc
Lair:1:   layout_regular_city, minivault_23, grunt_megastairs_4,
          lemuel_fruit_tree, serial_bayou_shore_a, infiniplex_staircase_pool

Notes
Turn   | Place    | Note
-------+----------+-------------------------------------------
     0 | D:1      | wazuzu the Demonspawn Necromancer began the quest for the
                  | Orb.
     0 | D:1      | Reached XP level 1. HP: 13/13 MP: 3/3
   148 | D:1      | Gained mutation: Spells you cast may paralyse adjacent
                  | enemies. [demonic ancestry]
   148 | D:1      | Reached XP level 2. HP: 15/19 MP: 0/5
   653 | D:1      | You fall into a shaft and drop 1 floor!
   725 | D:2      | Reached skill level 5 in Necromancy
   725 | D:2      | Gained mutation: You have a pair of small horns on your
                  | head. [demonic ancestry]
   725 | D:2      | Reached XP level 3. HP: 18/24 MP: 0/7
  1329 | D:2      | wazuzu: ??agony
  1329 | D:2      | beem: agony[1/2]: L5 Necromancy spell. Checks Will (but
                  | with a substantial boost compared to other hexes) to halve
                  | the hitpoints of one enemy. Like torment, it never directly
                  | kills. Touch range. Doesn't work on creatures with rN. LOS
                  | range prior to 0.25.
  1329 | D:2      | wazuzu: ??vampiric drain
  1329 | D:2      | beem: vampiric drain ~ vampiric draining[1/1]: L3 necro
                  | melee spell; does 2d(6 + pow/14) damage, and heals you for
                  | half dealt damage. It never misses. Cannot be cast on
                  | monsters with rN, unless they're invisible to you, in which
                  | case casting on them will do nothing.
  1386 | D:2      | Reached skill level 3 in Spellcasting
  1749 | D:3      | Reached XP level 4. HP: 28/30 MP: 3/8
  2223 | D:3      | Found a hide-covered altar of Uskayaw.
  2257 | D:3      | Found an iron altar of Okawaru.
  2441 | D:3      | Found a runed translucent door.
  2442 | D:3      | Noticed Crazy Yiuf
  2481 | D:3      | Killed Crazy Yiuf
  2677 | D:3      | Noticed Terence
  2684 | D:3      | Killed Terence
  2685 | D:3      | Reached skill level 1 in Armour
  2936 | D:4      | Reached XP level 5. HP: 35/35 MP: 4/10
  3024 | D:4      | Noticed a phantom
  3100 | D:4      | Reached skill level 2 in Armour
  3114 | D:4      | Noticed a phantom
  3150 | D:4      | Killed a phantom
  3151 | D:4      | Reached XP level 6. HP: 23/41 MP: 11/11
  3278 | D:4      | Reached skill level 6 in Necromancy
  3330 | D:4      | Reached skill level 3 in Armour
  3330 | D:4      | Reached skill level 4 in Spellcasting
  4509 | D:5      | Entered Level 5 of the Dungeon
  4523 | D:5      | Found a transporter.
  4535 | D:5      | Found a one-way gate to the infinite horrors of the Abyss.
  4552 | D:5      | Noticed Edmund
  4563 | D:5      | Killed Edmund
  4564 | D:5      | Reached skill level 4 in Armour
  4564 | D:5      | Reached skill level 5 in Spellcasting
  4564 | D:5      | Gained mutation: You are partially covered in large bone
                  | plates. (SH +4) [demonic ancestry]
  4564 | D:5      | Reached XP level 7. HP: 46/46 MP: 12/14
  4645 | D:5      | Reached skill level 1 in Shields
  4699 | D:5      | Noticed Sigmund
  4705 | D:5      | Killed Sigmund
  4706 | D:5      | Reached skill level 2 in Shields
  4766 | D:5      | Noticed a small abomination
  4767 | D:5      | Found a transporter.
  4815 | D:5      | Reached skill level 3 in Shields
  4823 | D:5      | Gained mutation: You have a pair of horns on your head.
                  | [demonic ancestry]
  4823 | D:5      | Reached XP level 8. HP: 27/52 MP: 9/16
  4936 | D:5      | Found a hazy altar of Hepliaklqana.
  5131 | D:5      | Noticed Sapher's ghost (amateur OgFi)
  5149 | D:5      | Found a bloodstained altar of Trog.
  5494 | D:6      | Reached skill level 4 in Shields
  5500 | D:6      | Learned a level 4 spell: Animate Dead
  5576 | D:6      | Found a stormy altar of Qazlal.
  5683 | D:6      | Reached skill level 6 in Spellcasting
  6012 | D:6      | Found a runed translucent gate.
  6013 | D:6      | Found a runed translucent gate.
  6014 | D:6      | Found a runed translucent gate.
  6014 | D:6      | Noticed eelars's ghost (novice DESu)
  6428 | D:6      | Reached skill level 7 in Spellcasting
  6645 | D:7      | Reached skill level 8 in Spellcasting
  6956 | D:7      | Found a runed translucent gate.
  6957 | D:7      | Found a runed translucent gate.
  6958 | D:7      | Found a runed translucent gate.
  6959 | D:7      | Noticed Gruesome's ghost (novice TrSh)
  6961 | D:7      | Identified the +10 flail "Ziejirph" {drain, Int+2}
  6965 | D:7      | wazuzu: ??staff of death
  6965 | D:7      | beem: magical staff[1/3]: (staves; +5 acc / 5 dam / 1.2
                  | base delay / 0.6 min delay). A one-handed staff that
                  | enhances the spellpower of spells in its respective school
                  | by 50% and has a chance of doing extra elemental damage
                  | {see magical staff[2]}. All but earth and conjurations also
                  | confer resistance of the appropriate type. Types: air,
                  | cold, conjurations, death, earth, fire, poison.
  6965 | D:7      | wazuzu: ??staff of death[2
  6965 | D:7      | beem: magical staff[2/3]: Magical staves have a (2*evoc +
                  | magic skill)/30 chance of getting random2(1.25*(magic skill
                  | + evoc/2)) extra elemental damage (for earth this is
                  | increased by 1/3). This damage ignores AC, checking the
                  | appropriate resistance instead, except for conjurations,
                  | which checks AC, and earth, which checks AC three times.
  6965 | D:7      | wazuzu: ??staff of death[3
  6965 | D:7      | beem: magical staff[3/3]: i almost never use enhancer
                  | staves unless i'm using them to enhance my casting
  7023 | D:7      | Gained mutation: Spells you cast may paralyse nearby
                  | enemies. [demonic ancestry]
  7023 | D:7      | Reached XP level 9. HP: 50/57 MP: 14/21
  7126 | D:7      | wazuzu: ??anguish
  7126 | D:7      | beem: anguish[1/1]: L4 Hex/Necro spell that affects all
                  | non-mindless enemies in LOS. On a successful Will check,
                  | victims get 'anguish' status, which causes them to recieve
                  | the damage they deal for its duration. Necromantic
                  | vengeance... New in 0.28.
  7131 | D:7      | Learned a level 4 spell: Anguish
  7199 | D:7      | Found a staircase to the Ecumenical Temple.
  7213 | Temple   | Entered the Ecumenical Temple
  7238 | Temple   | wazuzu: ??kiku
  7238 | Temple   | beem: kikubaaqudgha[1/5]: God of necromantic awesomeness.
                  | Grants necromancy {kiku randbook}s at 1 and 3 stars, and at
                  | 6 stars, will either pain-brand a weapon or grant you the
                  | Necronomicon (only one of the two). Provides corpses,
                  | invocable torment, torment protection, and blocks most
                  | necromancy miscast effects.
  7238 | Temple   | wazuzu: ??kiku[2
  7238 | Temple   | beem: receive corpses[1/3]: 1* Kiku ability; gives you
                  | corpses of level-appropriate monsters -- freshness, power,
                  | number of corpses depending on necromancy skill. Gives 1-4
                  | branch-appropriate corpses. Replaced by {unearth wretches}
                  | in 0.29.
  7238 | Temple   | wazuzu: ??kiku[3
  7238 | Temple   | beem: kikubaaqudgha[3/5]: From 2*, protects from necromancy
                  | miscasts and mummy death curses. This helps in Tomb and the
                  | branches of Hell. From 4*, grants torment resistance that
                  | blocks 60% of torment damage on average at 200 piety. At
                  | 5*, can invoke torment by sacrificing a corpse for 8-12
                  | piety.
  7238 | Temple   | wazuzu: ??kiku[4
  7238 | Temple   | beem: kikubaaqudgha[4/5]: If **** piety or higher, Kiku has
                  | a piety/600 chance of completely preventing torment damage,
                  | and a piety/250 chance of reducing it by 1d(damage-1)-1.
  7238 | Temple   | wazuzu: ??kiku[5
  7238 | Temple   | beem: kiku randbook[1/5]: First gift: Up to four spells
                  | that you do not know and can cast from the following list:
                  | {Necrotize} (guaranteed if unknown and castable), {Kiss of
                  | Death}, {Sublimation of Blood}, {Cigotuvi's Dreadful Rot},
                  | {Vampiric Draining}, {Animate Dead}.
  7238 | Temple   | wazuzu: ??kiku randbook[2
  7238 | Temple   | beem: kiku randbook[2/5]: Second gift: Four unknown
                  | castable spells from the following list: {Anguish}, {Dispel
                  | Undead}, {Agony}, {BVC}, {Death Channel}, {Simulacrum}.
  7238 | Temple   | wazuzu: ??kiku randbook[3
  7238 | Temple   | beem: kiku randbook[3/5]: First book: One of (Pain, Animate
                  | Skeleton); Corpse Rot; Sublimation of Blood (replaced by
                  | the other level 1 if you cannot use it); one of
                  | (Regeneration, Vampiric Draining).
  7238 | Temple   | wazuzu: ??kiku randbook[4
  7238 | Temple   | beem: kiku randbook[4/5]: Second book: One of (Animate
                  | Dead, Simulacrum); one of (Borgnjor's Vile Clutch,
                  | Excruciating Wounds); one of (Bold of Draining, Agony,
                  | Death Channel); Dispel Undead; and then one more of these
                  | possible spells that you didn't get already.
  7238 | Temple   | wazuzu: ??kiku randbook[5
  7238 | Temple   | beem: kiku randbook[5/5]: Both books have special casing to
                  | not give you useless spells. No Regeneration if you can't
                  | regenerate, no Sublimation if you can't use it, and Felids
                  | don't get Excruciating Wounds.
  7238 | Temple   | Became a worshipper of Kikubaaqudgha
  7331 | D:7      | Reached skill level 1 in Hexes
  7480 | D:7      | Reached skill level 7 in Necromancy
  7971 | D:8      | Reached skill level 2 in Hexes
  7974 | D:8      | Reached * piety under Kikubaaqudgha
  7974 | D:8      | Received a gift from Kikubaaqudgha
  7977 | D:8      | HP: 12/57 [orc warrior/+0 halberd (8)]
  7979 | D:8      | HP: 5/57 [orc warrior/+0 halberd (8)]
  8134 | D:8      | Reached skill level 9 in Spellcasting
  8276 | D:8      | Identified the +9 quarterstaff of Proximity {protect, rPois
                  | rF+ rN++ Str+3}
  8302 | D:8      | Found a blossoming altar of Fedhas.
  8427 | D:8      | Reached skill level 8 in Necromancy
  8762 | D:8      | Reached skill level 3 in Hexes
  9184 | D:9      | Found Zin's Purification Station.
  9341 | D:9      | Found a basalt altar of Yredelemnul.
  9362 | D:9      | Reached skill level 9 in Necromancy
  9362 | D:9      | Gained mutation: Your demonic aura sometimes causes spilled
                  | blood to erupt in flames. [demonic ancestry]
  9362 | D:9      | Reached XP level 10. HP: 62/63 MP: 21/23
  9376 | D:9      | Reached skill level 4 in Hexes
  9895 | D:10     | Entered Level 10 of the Dungeon
 10025 | D:10     | HP: 15/63 [wraith (4)]
 10031 | D:10     | HP: 4/63 [wraith (7)]
 10046 | D:10     | HP: 14/63 [wraith (9)]
 10322 | D:10     | Reached skill level 5 in Hexes
 10521 | D:10     | Found a staircase to the Lair.
 10629 | D:10     | Reached skill level 10 in Spellcasting
 10872 | D:10     | Reached skill level 10 in Necromancy
 10904 | D:10     | Reached skill level 6 in Hexes
 10915 | D:10     | Reached skill level 1 in Fighting
 11047 | Lair:1   | Entered Level 1 of the Lair of Beasts
 11105 | Lair:1   | Reached skill level 2 in Fighting
 11169 | D:10     | Reached skill level 3 in Fighting
 11218 | Lair:1   | Reached skill level 4 in Fighting
 11297 | Lair:1   | Noticed a death yak
 11297 | Lair:1   | Noticed a death yak
 11297 | Lair:1   | Noticed a death yak
 11298 | Lair:1   | Noticed a death yak
 11327 | Lair:1   | HP: 6/73 [death yak (21)]
 11328 | Lair:1   | Slain by a death yak

Vanquished Creatures
  A manticore (D:9)
  A komodo dragon (D:10)
  A troll (D:9)
  5 blink frogs
  Sigmund (D:5)
  2 wyverns
  A wraith (D:10)
  8 yaks
  2 steam dragons (D:7)
  An acid dragon (D:9)
  Edmund (D:5)
  2 orc warriors
  A black bear (D:6)
  A sky beast (D:7)
  3 ice beasts
  An ogre (D:5)
  6 centaurs
  4 kobold brigands
  2 phantoms (D:4)
  A bullfrog (D:10)
  2 gnoll sergeants
  2 scorpions (D:6)
  7 killer bees
  An oklob sapling (D:7)
  An electric eel (Lair:1)
  2 howler monkeys (D:9)
  4 hounds
  2 iguanas
  3 orc priests
  2 gnoll boudas
  Crazy Yiuf (D:3)
  Terence (D:3)
  4 sleepcaps
  3 orc wizards
  16 gnolls
  7 adders
  2 shadow imps (D:6)
  3 white imps
  2 worms
  21 orcs
  9 endoplasms
  3 giant cockroaches
  5 goblins
  7 hobgoblins
  6 jackals
  6 quokkas
  6 ball pythons
  4 bats
  A frilled lizard (D:3)
  28 kobolds
  4 rats
210 creatures vanquished.

Vanquished Creatures (collateral kills)
  3 yaks (D:9)
  A bullfrog (D:8)
  2 gnolls
  2 orcs
  3 kobolds
11 creatures vanquished.

Vanquished Creatures (others)
  A centaur warrior (D:9)
  A slime creature (D:9)
  A water moccasin (D:9)
  A bullfrog (D:10)
  4 gnoll zombies (D:7)
  A goblin (D:10)
9 creatures vanquished.

Grand Total: 230 creatures vanquished
